 Seeded DCSS version 0.27-a0-1154-gfdeffcb720 (webtiles) character file.

Game seed: 10271262630050029001 (custom seed)

213 donath the Insei (level 5, 35/41 HPs)
             Began as a Gnoll Transmuter on May 14, 2021.
             Quit the game on level 4 of the Dungeon.
             The game lasted 00:10:59 (3769 turns).

donath the Insei (Gnoll Transmuter)                 Turns: 3769, Time: 00:11:00

Health: 35/41      AC:  3    Str: 11    XL:     5   Next: 90%
Magic:  12/12      EV: 13    Int: 12    God:
Gold:   132        SH:  4    Dex: 12    Spells: 11/14 levels left

rFire    . . .     SeeInvis .   a - +2 short sword (drain)
rCold    . . .     Faith    .   h - +0 buckler
rNeg     . . .     Spirit   .   d - +0 robe
rPois    .         Reflect  .   (no helmet)
rElec    .         Harm     .   (no cloak)
rCorr    .         Rampage  .   (no gloves)
Will     .....                  r - +0 pair of boots
Stlth    ++........             (no amulet)
HPRegen  0.13/turn              (no ring)
MPRegen  0.13/turn              (no ring)

@: no status effects
A: fangs 1, strong nose, distributed training
a: no special abilities


You were on level 4 of the Dungeon.
You visited 1 branch of the dungeon, and saw 4 of its levels.

You collected 132 gold pieces.

Inventory:

Hand Weapons
 a - a +2 short sword of draining (weapon)
 b - a +0 hunting sling
 c - a +0 flail
 p - a +0 rapier
 t - a +0 dagger
 y - a +0 halberd
Missiles
 e - 86 bolts
 g - 32 arrows
 q - 11 poisoned darts (quivered)
 s - 37 stones
Armour
 d - a +0 robe (worn)
 h - a +0 buckler (worn)
 r - a +0 pair of boots (worn)
Jewellery
 o - a ring of magical power
Scrolls
 i - a scroll of magic mapping {unknown}
 j - 2 scrolls of amnesia {unknown}
 l - 2 scrolls of identify {unknown}
 n - a scroll of silence {unknown}
 u - a scroll of enchant armour {unknown}
 w - a scroll of immolation {unknown}
 x - a scroll of brand weapon {unknown}
Potions
 f - 2 potions of lignification {unknown}
 k - 2 potions of mutation {unknown}
 m - a potion of magic {unknown}
 v - a potion of berserk rage {unknown}
 z - a potion of heal wounds {unknown}


   Skills:
 + Level 3.1 Fighting
 + Level 1.6 Short Blades
 + Level 1.6 Long Blades
 + Level 1.6 Axes
 + Level 1.6 Maces & Flails
 + Level 1.6 Polearms
 + Level 1.6 Staves
 + Level 1.6 Slings
 + Level 1.6 Bows
 + Level 1.6 Crossbows
 + Level 1.6 Throwing
 + Level 1.6 Armour
 + Level 4.8 Dodging
 + Level 1.6 Stealth
 + Level 1.6 Shields
 + Level 6.7 Unarmed Combat
 + Level 5.2 Spellcasting
 + Level 1.3 Conjurations
 + Level 1.3 Hexes
 + Level 1.3 Summonings
 + Level 1.3 Necromancy
 + Level 1.3 Translocations
 + Level 4.0 Transmutations
 + Level 1.3 Fire Magic
 + Level 1.3 Ice Magic
 + Level 1.3 Air Magic
 + Level 1.3 Earth Magic
 + Level 1.3 Poison Magic
 + Level 1.9 Invocations
 + Level 1.6 Evocations


You had 11 spell levels left.
You knew the following spells:

 Your Spells              Type           Power      Damage    Failure   Level
a - Beastly Appendage     Tmut           24%        N/A       4%          1
b - Wereblood             Tmut           12%        N/A       8%          2

Your spell library contained the following spells:

 Spells                   Type           Power      Damage    Failure   Level
 Spider Form              Tmut/Pois      4%         N/A       26%         3
 Ice Form                 Ice/Tmut       9%         N/A       63%         4
 Hydra Form               Tmut           6%         N/A       80%         5


Dungeon Overview and Level Annotations

Branches:
Dungeon (4/15)
 Temple: D:4-7

Altars:
Zin


Innate Abilities, Weirdness & Mutations

You have very sharp teeth.
Your uncanny sense of smell can sniff out nearby items.
Your experience applies equally to all skills.


Message History

You grow a pair of large bovine horns.
Your feet morph into talons.
Your +0 pair of boots melds into your body.
You barely miss Natasha. Your kick misses Natasha.
Your headbutt misses Natasha.
Natasha is lightly wounded.
Natasha closely misses you. Natasha misses you.
You hit Natasha. You bite Natasha, but do no damage.
Natasha is heavily wounded.
Natasha misses you.
You closely miss Natasha. Your kick misses Natasha.
Natasha is heavily wounded.
Natasha looks more healthy.
Natasha claws you.
You closely miss Natasha. You headbutt Natasha.
Natasha is severely wounded.
You block Natasha's attack.
You miss Natasha. You claw Natasha, but do no damage.
Natasha is severely wounded.
Natasha claws you.
You barely miss Natasha. You claw Natasha, but do no damage.
You headbutt Natasha.
You kill Natasha!
You hear a faint echoing roar filled with hate and sorrow!
q - 8 poisoned darts (gained 1)
A kobold comes into view. It is wielding a +0 short sword.
Your transformation is almost over.
You see here 2 poisoned darts.
You see here a poisoned dart.
You see here 2 poisoned darts.
q - 10 poisoned darts (gained 2)
You see here a poisoned dart.
q - 11 poisoned darts (gained 1)
The kobold hits you with a +0 short sword.
The kobold hits you with a +0 short sword.
You hit the kobold.
You kill the kobold!
You see here a +0 short sword.
Your horns disappear.
Your talons disappear.
Your +0 pair of boots unmelds from your body.
An endoplasm comes into view.
Are you sure you want to abandon this character and quit the game? (Confirm with "yes".)

###...###
#.......####
#........<.#
#..........#
###
#.....####.#
....###.....#
.#
..^........##
.#
..J.....)..#
.#
###.###.#@##
.# # #.#.# .#
#.#.# #.#.#
..#.# ###.#
..# .##


You could see an endoplasm (wandering).

Vanquished Creatures
  An orc priest (D:2)
  Natasha (D:4)
  5 gnolls
  5 adders
  A worm (D:2)
  2 orcs (D:2)
  An endoplasm (D:1)
  A giant cockroach (D:2)
  5 goblins (D:1)
  4 hobgoblins
  7 jackals
  2 quokkas
  7 ball pythons
  6 bats
  3 frilled lizards
  10 kobolds
  8 rats
69 creatures vanquished.

Notes
Turn   | Place    | Note
-------+----------+-------------------------------------------
     0 | D:1      | donath the Gnoll Transmuter began the quest for the Orb.
     0 | D:1      | Reached XP level 1. HP: 17/17 MP: 6/6
   229 | D:1      | Reached XP level 2. HP: 23/23 MP: 7/7
   600 | D:1      | Reached XP level 3. HP: 28/28 MP: 7/9
   768 | D:1      | Reached skill level 5 in Spellcasting
  1253 | D:2      | Reached skill level 1 in Invocations
  1483 | D:2      | Reached skill level 1 in Short Blades
  1483 | D:2      | Reached skill level 1 in Long Blades
  1483 | D:2      | Reached skill level 1 in Axes
  1483 | D:2      | Reached skill level 1 in Maces & Flails
  1483 | D:2      | Reached skill level 1 in Polearms
  1483 | D:2      | Reached skill level 1 in Staves
  1483 | D:2      | Reached skill level 1 in Slings
  1483 | D:2      | Reached skill level 1 in Bows
  1483 | D:2      | Reached skill level 1 in Crossbows
  1483 | D:2      | Reached skill level 1 in Throwing
  1483 | D:2      | Reached skill level 1 in Armour
  1483 | D:2      | Reached skill level 1 in Stealth
  1483 | D:2      | Reached skill level 1 in Shields
  1483 | D:2      | Reached skill level 1 in Evocations
  1769 | D:2      | Reached XP level 4. HP: 34/34 MP: 9/11
  1788 | D:2      | Learned a level 2 spell: Wereblood
  1878 | D:2      | Found a glowing silver altar of Zin.
  1950 | D:2      | Reached skill level 1 in Conjurations
  1950 | D:2      | Reached skill level 1 in Hexes
  1950 | D:2      | Reached skill level 1 in Summonings
  1950 | D:2      | Reached skill level 1 in Necromancy
  1950 | D:2      | Reached skill level 1 in Translocations
  1950 | D:2      | Reached skill level 1 in Fire Magic
  1950 | D:2      | Reached skill level 1 in Ice Magic
  1950 | D:2      | Reached skill level 1 in Air Magic
  1950 | D:2      | Reached skill level 1 in Earth Magic
  1950 | D:2      | Reached skill level 1 in Poison Magic
  2715 | D:2      | Reached XP level 5. HP: 39/40 MP: 10/12
  3142 | D:3      | Found a faded altar of an unknown god.
  3703 | D:4      | Noticed Natasha
  3715 | D:4      | Killed Natasha
  3769 | D:4      | Quit the game

Illustrated notes

Levels and vault maps discovered:
D:1:      roderic_dead_forest, layout_loops_ring
D:2:      layout_basic, basic_altar, minmay_misc_feat_alley
D:3:      layout_basic, shapermc_ecumenical_altar_mp_vishouse
D:4:      layout_loops_ring, kennysheep_little_box, minmay_misc_feat_nine_boxes,
          minmay_goblin_kobold_house, uniq_menkaure, uniq_natasha, uniq_robin,
          uniq_pikel, uniq_sigmund

Skill      XL: |  1  2  3  4  5 |
---------------+----------------+-----
Spellcasting   | 5 |  5.2
Invocations    | 1 |  1.9
Short Blades   | 1 |  1.6
Long Blades    | 1 |  1.6
Axes           | 1 |  1.6
Maces & Flails | 1 |  1.6
Polearms       | 1 |  1.6
Staves         | 1 |  1.6
Slings         | 1 |  1.6
Bows           | 1 |  1.6
Crossbows      | 1 |  1.6
Throwing       | 1 |  1.6
Armour         | 1 |  1.6
Stealth        | 1 |  1.6
Shields        | 1 |  1.6
Evocations     | 1 |  1.6
Conjurations   | 1 |  1.3
Hexes          | 1 |  1.3
Summonings     | 1 |  1.3
Necromancy     | 1 |  1.3
Translocations | 1 |  1.3
Fire Magic     | 1 |  1.3
Ice Magic      | 1 |  1.3
Air Magic      | 1 |  1.3
Earth Magic    | 1 |  1.3
Poison Magic   | 1 |  1.3
Fighting       | 3 |  3.1
Transmutations | 4 |  4.0
Dodging        | |  4.8
Unarmed Combat | |  6.7

Action                   |  1- 3 |  4- 6 || total
-------------------------+-------+-------++-------
Melee: Unarmed           |     6 |       ||     6
       Short sword       |    62 |    89 ||   151
       Whip              |     2 |       ||     2
       Kick              |     4 |     6 ||    10
       Headbutt          |     4 |     5 ||     9
       Bite              |     3 |     6 ||     9
       Punch             |     2 |       ||     2
Throw: Dart              |       |     9 ||     9
 Cast: Beastly Appendage |    13 |    10 ||    23
       Wereblood         |       |     8 ||     8
 Stab: Sleeping          |       |     2 ||     2
Armor: Robe              |    13 |    12 ||    25
Dodge: Dodged            |    42 |    70 ||   112
Block: Buckler           |    13 |    14 ||    27

Table legend: (Time is in decaauts)
 A = Elapsed time spent in this place.
 B = Non-inter-level travel time spent in this place.
 C = Inter-level travel time spent in this place.
 D = Time resting spent in this place.
 E = Time spent auto-exploring this place.
 F = Levels seen in this place.
 G = Mean time per level.
                   A        B        C        D        E       F      G
               +--------+--------+--------+--------+--------+-----+--------+
         Total |   3787 |   3526 |    261 |    202 |   1983 |   4 |  946.8 |
       Dungeon |   3787 |   3526 |    261 |    202 |   1983 |   4 |  946.8 |
               +--------+--------+--------+--------+--------+-----+--------+

Top non-repeatable levels by time:
     D:2: 1544 daAuts
     D:1: 1345 daAuts
     D:3: 831 daAuts
     D:4: 66 daAuts
